 Dungeon Crawl Stone Soup version 0.19-a0-320-gcfc3c9c (webtiles) character file.

525 MrRokkomies the Insei (level 7, -7/46 HPs)
             Began as an Octopode Transmuter on May 28, 2016.
             Mangled by nago's ghost (11 damage)
             ... on level 4 of the Dungeon.
             The game lasted 00:13:01 (5482 turns).

MrRokkomies the Insei (Octopode Transmuter)         Turns: 5482, Time: 00:13:02

Health: -7/46      AC:  1    Str: 10    XL:     7   Next: 23%
Magic:  10/10      EV: 14    Int: 17    God:
Gold:   182        SH:  0    Dex: 12    Spells: 3 memorised, 4 levels left

rFire  . . .     SeeInvis .       - Unarmed
rCold  . . .     Gourm    .     (no shield)
rNeg   . . .     Faith    .     (helmet restricted)
rPois  .         Spirit   .     (no amulet)
rElec  .         Dismiss  .     (no ring)
rCorr  .         Reflect  .     (no ring)
SustAt .         Harm     .     (no ring)
MR     .....     Clarity  +     (no ring)
Stlth  ++........               (no ring)
                                (no ring)
                                (no ring)
                                (no ring)

@: confused, appendage, very slightly contaminated, hasted, very quick, not
resistant to hostile enchantments, unstealthy
A: almost no armour, amphibious, 8 rings, constrict 8, tentacle spike 3,
repulsion field 1, camouflage 1, clarity, gelatinous body 1
a: End Transformation


You were on level 4 of the Dungeon.
You were hungry.
One of your tentacles had a temporary spike.
You visited 1 branch of the dungeon, and saw 4 of its levels.
You also visited: Ossuary.

You collected 182 gold pieces.

Inventory:

Missiles
 a - 48 arrows
 l - 8 tomahawks (quivered)
 r - 10 poisoned needles
Wands
 k - a wand of iceblast (6/15)
 o - a wand of iceblast (7/15)
Scrolls
 g - a scroll of teleportation {unknown}
 h - a scroll of amnesia {unknown}
 m - a scroll of enchant armour {unknown}
 s - a scroll of fog
 u - a scroll of magic mapping {unknown}
 v - a scroll of enchant weapon {unknown}
Potions
 e - a potion of degeneration
 j - 2 potions of cancellation {unknown}
 n - 2 potions of haste
 p - a potion of flight {unknown}
 q - a potion of brilliance {unknown}
 t - a potion of beneficial mutation {unknown}
 w - a potion of agility {unknown}
Books
 b - a book of Changes

   Spells                             Type                      Level
   a - Beastly Appendage              Transmutation                1
   b - Sticks to Snakes               Transmutation                2
   c - Spider Form                    Transmutation/Poison         3
   d - Ice Form                       Ice/Transmutation            4
   e - Blade Hands                    Transmutation                5
 i - a book of the Sky

   Spells                             Type                      Level
   a - Summon Lightning Spire         Summoning/Air                4
   b - Airstrike                      Air                          4
   c - Silence                        Hexes/Air                    5
   d - Deflect Missiles               Charms/Air                   6
   e - Conjure Ball Lightning         Conjuration/Air              6
   f - Tornado                        Air                          9
Comestibles
 c - a bread ration
 d - 2 fruits


   Skills:
 * Level 3.0 Fighting
 - Level 2.0 Dodging
 * Level 6.0 Unarmed Combat
 - Level 2.0 Spellcasting
 - Level 4.0 Transmutations
 - Level 2.6 Poison Magic


You had 4 spell levels left.
You knew the following spells:

 Your Spells              Type           Power        Failure   Level  Hunger
a - Beastly Appendage     Tmut           ###...       3%          1    #......
b - Spider Form           Tmut/Pois      ##........   17%         3    ###....
c - Sticks to Snakes      Tmut           ###.....     6%          2    ###....


Dungeon Overview and Level Annotations

Branches:
Dungeon (4/15)
 Temple: D:4-7

Altars:
Cheibriados
Fedhas
Nemelex Xobeh
Trog
Zin

Shops:
D:4 (

Annotations:
D:4 nago's ghost, amateur HONe


Innate Abilities, Weirdness & Mutations

You cannot wear most types of armour.
You are amphibious.
You can wear up to eight rings at the same time.
You can use your tentacles to constrict eight enemies at once.
Your skin changes colour to match your surroundings (Stealth+).
Your rubbery body absorbs attacks. (AC +1)
One of your tentacles bears a large vicious spike.
You are surrounded by a mild repulsion field. (EV +2)
You possess an exceptional clarity of mind.


Message History

Nago's ghost hits you!
You tentacle-slap nago's ghost.
Your tentacle-slap misses nago's ghost.
Your squeeze misses nago's ghost.
Nago's ghost is lightly damaged.
You tentacle-slap nago's ghost.
You pierce nago's ghost, but do no damage.
Nago's ghost is moderately damaged.
Nago's ghost hits you.
You barely miss nago's ghost.
Your tentacle spike misses nago's ghost.
Nago's ghost is moderately damaged.
You tentacle-slap nago's ghost but do no damage.
Nago's ghost is moderately damaged.
Nago's ghost hits you!
* * * LOW HITPOINT WARNING * * *
Unknown command.
Drink which item? (? for menu, Esc to quit)
You are confused.
You feel invigorated. Nago's ghost hits you!
You die...

#.......##.###.##.#
##......##........#
##.#+#.######.####
###.+\'.# #.#####
..###'### #.#....
##..# #.##..#
#.....# ##...##
#.##.## ###.#.#
.....#####.##W#
#.#..
...........@.#
#.###
#.[######.#### #.#
#..# #.# #.###
#..######.# #....
#.........# #####
#.######### #.# #)#
##.#


You could see nago's ghost.

Vanquished Creatures
  Menkaure (Ossuary)
  A hound (D:4)
  Natasha (thrice) (D:3)
  A worker ant (D:4)
  3 mummies (Ossuary)
  7 adders
  5 worms
  A giant gecko (D:1)
  17 orcs
  6 bats
  2 giant cockroaches
  4 goblins
  5 hobgoblins
  2 jackals (D:2)
  A quokka (D:3)
  4 giant newts
  3 gnoll skeletons (Ossuary)
  4 gnoll zombies (Ossuary)
  4 goblin skeletons (Ossuary)
  2 goblin zombies (Ossuary)
  3 hobgoblin skeletons (Ossuary)
  5 hobgoblin zombies (Ossuary)
  7 kobolds
  2 kobold skeletons (Ossuary)
  3 kobold zombies (Ossuary)
  3 orc skeletons (Ossuary)
  7 rats
  2 rat skeletons (Ossuary)
108 creatures vanquished.

Vanquished Creatures (collateral kills)
  An ogre (D:3)
  An orc wizard (D:3)
  An orc (D:3)
3 creatures vanquished.

Vanquished Creatures (others)
  2 gnoll skeletons (Ossuary)
  2 gnoll zombies (Ossuary)
  A goblin skeleton (Ossuary)
  A goblin zombie (Ossuary)
  6 hobgoblin zombies (Ossuary)
  3 kobold skeletons (Ossuary)
  An orc zombie (Ossuary)
  2 rat skeletons (Ossuary)
  A rat zombie (Ossuary)
19 creatures vanquished.

Grand Total: 130 creatures vanquished

Notes
Turn   | Place    | Note
--------------------------------------------------------------
     0 | D:1      | MrRokkomies the Octopode Transmuter began the quest for the Orb.
     0 | D:1      | Reached XP level 1. HP: 13/13 MP: 3/3
   617 | D:2      | Reached XP level 2. HP: 18/18 MP: 5/5
   887 | D:2      | Reached XP level 3. HP: 23/23 MP: 4/6
   892 | D:2      | Learned a level 3 spell: Spider Form
   895 | D:2      | Learned a level 2 spell: Sticks to Snakes
   933 | D:2      | Found a glowing silver altar of Zin.
  1305 | D:2      | Found a bloodstained altar of Trog.
  1308 | D:2      | Found a sparkling altar of Nemelex Xobeh.
  1441 | D:2      | Reached skill level 4 in Unarmed Combat
  1441 | D:2      | Reached XP level 4. HP: 26/28 MP: 5/7
  1556 | D:2      | Found a blossoming altar of Fedhas.
  1961 | D:3      | Noticed Natasha
  1970 | D:3      | Killed Natasha
  2484 | D:3      | Reached XP level 5. HP: 33/33 MP: 6/8
  2894 | D:3      | Noticed Natasha
  2911 | D:3      | HP: 1/33 [Natasha (9)]
  2913 | D:3      | Killed Natasha
  2970 | D:3      | Noticed Natasha
  3266 | D:3      | Reached skill level 1 in Poison Magic
  3487 | D:3      | Killed Natasha
  3487 | D:3      | Reached skill level 5 in Unarmed Combat
  3620 | D:3      | Noticed an ogre
  3800 | D:3      | Reached XP level 6. HP: 31/38 MP: 7/9
  3961 | D:4      | Found Lyptat's Weapon Shop.
  3994 | D:4      | Gained mutation: You tend to lose your temper in combat. [potion of mutation]
  4199 | D:4      | Noticed nago's ghost (amateur HONe)
  4382 | D:4      | Found a sand-covered staircase.
  4387 | Ossuary  | Entered an ossuary
  4795 | Ossuary  | Noticed Menkaure
  4805 | Ossuary  | Killed Menkaure
  4805 | Ossuary  | Reached XP level 7. HP: 10/45 MP: 8/10
  5107 | Ossuary  | Gained mutation: You are surrounded by a mild repulsion field. (EV +2) [potion of mutation]
  5107 | Ossuary  | Lost mutation: You tend to lose your temper in combat. [potion of mutation]
  5107 | Ossuary  | Gained mutation: You possess an exceptional clarity of mind. [potion of mutation]
  5343 | D:4      | Found a snail-covered altar of Cheibriados.
  5390 | D:4      | Reached skill level 6 in Unarmed Combat
  5481 | D:4      | HP: 1/46 [nago's ghost (14)]
  5482 | D:4      | Mangled by nago's ghost

Vault maps used:
D:1:      moated_graveyard_arrival
D:2:      fedhas_altar_2, zin_academy, grunt_temple_overflow_open,
          kennysheep_decorative_pillar, serial_park_tiny_1
D:3:      uniq_natasha
D:4:      kennysheep_little_box, first_bread, serial_shops,
          nicolae_shop_behind_doors, nicolae_ossuary_entry_plus
Ossuary:  ossuary_due_pyramid

Skill      XL: |  1  2  3  4  5  6  7 |
---------------+----------------------+-----
Transmutations | 3 4 |  4.0
Unarmed Combat | 4 5 6 |  6.0
Poison Magic   | 1 2 |  2.6
Fighting       | 2 3 |  3.0
Dodging        | |  2.0
Spellcasting   | |  2.0

Action                   |  1- 3 |  4- 6 |  7- 9 || total
-------------------------+-------+-------+-------++-------
Melee: Unarmed           |    60 |   172 |    25 ||   257
       Constrict         |    16 |    52 |     6 ||    74
       Tentacles         |    10 |    28 |     3 ||    41
       Punch             |     2 |    10 |       ||    12
       Kick              |     3 |    30 |     2 ||    35
Throw: Tomahawk          |       |    10 |     8 ||    18
 Cast: Beastly Appendage |     3 |    14 |     2 ||    19
       Sticks to Snakes  |       |     5 |       ||     5
Evoke: Wand              |       |     1 |       ||     1
  Use: Potion            |     2 |     4 |     3 ||     9
       Scroll            |       |     4 |       ||     4
 Stab: Sleeping          |     5 |     4 |       ||     9
       Distracted        |       |     2 |       ||     2
  Eat: Chunk             |     1 |     9 |       ||    10
       Meat ration       |       |     1 |       ||     1
Armor: Skin              |     5 |    17 |       ||    22
Dodge: Dodged            |    31 |    90 |     9 ||   130
